 Dungeon Crawl Stone Soup version 0.18-a0-1730-g73f0523 (webtiles) character file.

58 inmateoo the Grave Robber (level 3, -1/15 HPs)
             Began as a Felid Necromancer on Apr 10, 2016.
             Slain by a worm (10 damage)
             ... on level 2 of the Dungeon.
             The game lasted 00:04:49 (3224 turns).

inmateoo the Grave Robber (Felid Necromancer)       Turns: 3224, Time: 00:04:49

Health: -1/15      AC:  1    Str:  5    XL:     3   Next: 75%
Magic:  1/7        EV: 18    Int: 16    God:
Gold:   70         SH:  0    Dex: 16    Spells: 3 memorised, 1 level left
                                        Lives:  0   Deaths: 0

rFire  . . .     SeeInvis +       - Unarmed
rCold  . . .     Gourm    .     (armour unavailable)
rNeg   . . .     Faith    .     (shield unavailable)
rPois  .         Spirit   .     (helmet unavailable)
rElec  .         Dismiss  .     (cloak unavailable)
rCorr  .         Reflect  .     (gloves unavailable)
SustAt .         Harm     .     (boots unavailable)
MR     .....                    (no amulet)
Stlth  +++.......               (no ring)
                                (no ring)

@: quick, not resistant to hostile enchantments, fairly stealthy
A: no armour, no weapons or thrown items, claws 1, fangs 3, see invisible,
carnivore 3, speed 1, shaggy fur 1, slow metabolism 1, sharp paws
a: no special abilities


You were on level 2 of the Dungeon.
You were very full.

You visited 1 branch of the dungeon, and saw 2 of its levels.

You collected 70 gold pieces.

Inventory:

Scrolls
 d - a scroll of noise {unknown}
 e - a scroll of teleportation {unknown}
 f - a scroll of remove curse {unknown}
 g - a scroll of enchant weapon {unknown}
 h - 3 scrolls of identify {unknown}
 i - a scroll of amnesia {unknown}
 j - a scroll of recharging {unknown}
Potions
 c - a potion of agility {unknown}
 k - a potion of heal wounds {unknown}
Books
 a - a book of Necromancy

   Spells                             Type                      Level
   a - Pain                           Necromancy                   1
   b - Animate Skeleton               Necromancy                   1
   c - Vampiric Draining              Necromancy                   3
   d - Regeneration                   Charms/Necromancy            3
   e - Animate Dead                   Necromancy                   4
   f - Control Undead                 Necromancy                   4
Comestibles
 b - a meat ration


   Skills:
 + Level 1.4 Fighting
 + Level 3.5 Dodging
 + Level 3.0 Stealth
 * Level 1.9 Unarmed Combat
 - Level 2.0 Spellcasting
 + Level 4.1 Necromancy


You had one spell level left.
You knew the following spells:

 Your Spells              Type           Power        Failure   Level  Hunger
a - Pain                  Necr           ##..         4%          1    #......
b - Animate Skeleton      Necr           N/A          4%          1    #......
c - Vampiric Draining     Necr           ##........   12%         3    ###....


Dungeon Overview and Level Annotations

Branches:
Dungeon (2/15)

Altars:
Fedhas
Gozag
Qazlal


Innate Abilities, Weirdness & Mutations

You cannot wear armour.
You are incapable of wielding weapons or throwing items.
You have sharp claws.
You have razor-sharp teeth.
You have supernaturally acute eyesight.
You are carnivorous and can eat meat at any time.
You cover ground quickly.
You are covered in fur (AC +1).
You have a slow metabolism.
Your sharp claws are effective at attacking unaware monsters.


Message History

Press: ? - help, Shift-Dir - straight line, f/p - worm
Aim: a worm (moderately wounded, chance to defeat MR: 79%)
The worm convulses in agony!
Casting: Pain
Confirm with . or Enter, or press ? or * to list all spells.
Aiming: Pain
Press: ? - help, Shift-Dir - straight line, f/p - worm
Aim: a worm (moderately wounded, chance to defeat MR: 79%)
The worm barely resists.
Casting: Pain
Confirm with . or Enter, or press ? or * to list all spells.
Aiming: Pain
Press: ? - help, Shift-Dir - straight line, f/p - worm
Aim: a worm (moderately wounded, chance to defeat MR: 79%)
The worm barely resists.
You scratch the worm. You claw the worm.
The worm is heavily wounded.
The worm bites you!
Ouch! That really hurt!
You die...

.####....##....)........#.#
#.... #....##.............#.#
#....
#######.............#+#######
####.#.#######......... #...#
#........% ##).# #.........
#..# #......... ##w#
#......... #@# #.........
#(#### #......... #((..#
#......... #..#.# #.........
##.#.# #......... #.#.#
#......... #...####.........
##........####### #........#


You could see a worm.

Vanquished Creatures
  A gnoll (D:1)
  An ooze (D:2)
  2 ball pythons
  3 giant cockroaches
  4 goblins
  4 hobgoblins
  4 jackals (D:2)
  11 kobolds
  2 bats (D:1)
  4 giant newts
  3 rats (D:2)
39 creatures vanquished.

Vanquished Creatures (collateral kills)
  A dart slug (D:1)
1 creature vanquished.

Grand Total: 40 creatures vanquished

Notes
Turn   | Place    | Note
--------------------------------------------------------------
     0 | D:1      | inmateoo the Felid Necromancer began the quest for the Orb.
     0 | D:1      | Reached XP level 1. HP: 7/7 MP: 4/4
   603 | D:1      | Reached skill level 1 in Unarmed Combat
   603 | D:1      | Reached XP level 2. HP: 6/12 MP: 3/6
  1126 | D:1      | Learned a level 1 spell: Animate Skeleton
  1332 | D:1      | Reached skill level 1 in Fighting
  1900 | D:2      | Reached XP level 3. HP: 14/15 MP: 4/7
  2134 | D:2      | Found a blossoming altar of Fedhas.
  2261 | D:2      | Learned a level 3 spell: Vampiric Draining
  3128 | D:2      | Found a stormy altar of Qazlal.
  3128 | D:2      | Found an opulent altar of Gozag.
  3224 | D:2      | Slain by a worm

Vault maps used:
D:1:      minmay_arrival_open_corners
D:2:      fedhas_altar_1, gammafunk_temple_overflow_wave, first_bread

Skill      XL: |  1  2  3 |
---------------+----------+-----
Dodging        | 3 |  3.5
Unarmed Combat | 1 |  1.9
Fighting       | 1 |  1.4
Stealth        | 3 |  3.0
Spellcasting   | |  2.0
Necromancy     | |  4.1

Action                   || total
-------------------------++-------
Melee: Unarmed           ||    90
 Cast: Pain              ||    32
       Animate Skeleton  ||     5
       Vampiric Draining ||     3
 Stab: Sleeping          ||     6
  Eat: Chunk             ||    12
